Map: [ESL] NeoHumanity

Players

Cow (PiG) - Winner!

  • Race: Terran Terran
  • League: Grandmaster
  • Spawn Location: 5:00

JuchelZero

  • Race: Protoss Protoss
  • League: Gold
  • Spawn Location: 11:00

VOD

https://www.youtube.com/playlist?list=PLOrKQEirgvjBrkg_LERyoNc_WYX2C2tgI

Description

Time

  • Played on: July 11, 2023, 7:43 p.m.
  • Length: 13:31
Show
View Real Time Build Order
Export as new Build Order

Cow Terran - Winner!

Build Orders:  

Get SALT Encoding   

  12  0:00  SCV  
  13  0:12  SCV  
  14  0:17  Supply Depot  
  14  0:25  SCV  
  15  0:39  SCV  
  15  0:40  Barracks  
  16  0:46  Refinery  
  16  0:51  SCV  
  17  1:05  SCV  
  18  1:17  SCV  
  19  1:30  Orbital Command, Barracks Reactor  
  19  1:47  Command Center  
  19  1:57  SCV  
  20  2:05  Supply Depot  
  20  2:06  Marine x2  
  22  2:09  SCV  
  23  2:26  Factory, Marine x2  
  23  2:27  SCV  
  26  2:39  SCV  
  26  2:40  Refinery  
  27  2:47  Marine  
  27  2:48  Marine, Bunker  
  30  2:51  SCV  
  30  3:03  SCV  
  30  3:05  Marine x2  
  31  3:11  Starport  
  33  3:15  SCV  
  33  3:16  Factory Tech Lab  
  34  3:23  Orbital Command  
  34  3:25  Marine x2  
  36  3:27  SCV  
  37  3:38  Supply Depot  
  37  3:39  SCV  
  37  3:40  Supply Depot  
  38  3:49  Siege Tank  
  38  3:51  Viking  
  38  3:55  SCV x2  
  45  4:05  Supply Depot  
  45  4:07  SCV x2  
  45  4:08  Supply Depot  
  47  4:19  SCV x2  
  49  4:31  SCV  
  49  4:32  SCV  
  49  4:34  Starport Reactor, Siege Tank  
  49  4:37  Marine x2  
  56  4:41  Supply Depot  
  56  4:43  SCV, Supply Depot  
  57  4:49  SCV  
  58  4:54  Marine x2  
  58  4:55  SCV  
  61  5:01  SCV  
  61  5:06  Siege Tank  
  65  5:08  SCV  
  65  5:13  SCV  
  67  5:24  Barracks  
  67  5:25  Barracks  
  67  5:26  Barracks  
  67  5:27  Barracks  
  67  5:40  SCV  
  67  5:41  SCV  
  69  5:43  Marine x2  
  69  5:44  Siege Tank  
  69  5:45  Medivac x2  
  69  5:47  Supply Depot  
  69  5:49  Supply Depot  
  78  5:53  SCV x2  
  80  6:11  SCV x2  
  81  6:12  Supply Depot  
  81  6:13  Supply Depot  
  81  6:14  Marine  
  81  6:15  Marine  
  81  6:16  Siege Tank  
  87  6:18  Medivac  
  87  6:23  SCV x2  
  87  6:25  Refinery x2  
  91  6:27  Engineering Bay  
  91  6:35  SCV  
  91  6:37  Barracks Tech Lab  
  91  6:38  Barracks Tech Lab  
  92  6:40  Barracks Reactor  
  89  7:02  Marine x2, Marauder x2  
  89  7:06  Barracks Reactor  
  95  7:09  Supply Depot  
  95  7:15  Siege Tank  
  95  7:17  Medivac  
  95  7:19  Marine  
  101  7:24  Supply Depot  
  101  7:28  Stimpack  
  101  7:31  Combat Shield, Supply Depot  
  101  7:34  Marine x5  
  106  7:37  Marine  
  107  7:52  Terran Infantry Weapons Level 1, Marine x5  
  107  7:55  Marine  
  113  7:59  Marine x2  
  113  8:05  Siege Tank  
  118  8:08  Supply Depot  
  118  8:09  Marine  
  118  8:10  Marine x4, Supply Depot  
  123  8:13  Marine  
  123  8:17  Marine x2  
  126  8:27  Marine x2  
  126  8:28  Marauder x2  
  126  8:31  Marine  
  126  8:32  Marine, Supply Depot  
  134  8:34  Medivac, Marine  
  134  8:35  Marine  
  134  8:36  Supply Depot  
  134  8:37  Siege Tank  
  141  8:49  Marauder x2  
  141  8:50  Concussive Shells  
  141  8:55  Supply Depot  
  139  9:03  Supply Depot  
  138  9:11  Marauder  
  134  9:36  Marauder x2, Marine x6  
  144  9:39  Siege Tank  
  144  9:41  Viking x2  
  148  9:54  Marine x6  
  148  9:57  Marauder x2  
  117  10:11  Viking, Siege Tank  
  109  10:18  Marauder  
  109  10:19  Marauder  
  106  10:25  Marine x6  
  106  10:27  Medivac  
  112  10:40  Marauder x2  
  112  10:41  Medivac  
  118  10:43  Marine x6, Siege Tank  
  127  11:01  Marine x7, Marauder  
  124  11:15  Siege Tank  
  127  11:19  Medivac, Marine x6, Marauder  
  127  11:20  Medivac  
  127  11:22  Marauder  
  141  11:36  Marine  
  141  11:37  Marine x2  
  142  11:41  Marauder  
  142  11:44  Marauder  
  146  11:47  Siege Tank  
  146  11:49  Medivac  
  146  11:51  Marine x3  
  154  11:54  Marine x3  
  154  12:02  Marauder  
  154  12:05  Marauder  
  143  12:08  Marine  
  143  12:09  Marine x2  
  143  12:12  Marine x3  
  149  12:19  Siege Tank  
  152  12:23  Marauder  
  152  12:26  Marine x3  
  152  12:27  Marauder  
  156  12:30  Marine x3  
  149  12:44  Marine x3  
  149  12:45  Marauder  
  149  12:48  Marine x3, Marauder  
  157  12:51  Siege Tank  
  160  13:02  Marine x2  
  160  13:06  Marauder  
  160  13:09  Marauder  
Show
View Real Time Build Order
Export as new Build Order

JuchelZero Protoss 

Build Orders: 1 Gate Expand, Colossus Rush 

Get SALT Encoding   

  12  0:00  Probe (Chrono Boost)  
  13  0:09  Probe (Chrono Boost)  
  14  0:17  Pylon  
  14  0:23  Probe  
  15  0:35  Probe  
  15  0:37  Gateway  
  16  0:47  Probe  
  16  0:48  Assimilator  
  17  1:00  Probe  
  18  1:12  Probe  
  19  1:24  Probe  
  20  1:30  Nexus  
  20  1:36  Probe (Chrono Boost)  
  21  1:47  Cybernetics Core, Probe (Chrono Boost)  
  22  1:55  Probe  
  22  2:00  Pylon  
  23  2:19  Probe (Chrono Boost)  
  23  2:20  Pylon  
  24  2:24  Warp Gate, Probe (Chrono Boost)  
  25  2:32  Robotics Facility  
  25  2:37  Probe (Chrono Boost)  
  25  2:41  Gateway  
  25  2:44  Probe (Chrono Boost)  
  27  2:52  Assimilator  
  27  2:54  Probe (Chrono Boost)  
  27  2:56  Probe (Chrono Boost)  
  28  3:01  Probe  
  28  3:02  Assimilator  
  28  3:04  Probe  
  30  3:09  Stalker  
  32  3:20  Twilight Council  
  32  3:21  Probe (Chrono Boost)  
  34  3:28  Probe (Chrono Boost)  
  34  3:30  Probe (Chrono Boost)  
  35  3:35  Gateway, Probe (Chrono Boost)  
  35  3:38  Probe  
  37  3:48  Stalker  
  37  3:55  Robotics Bay  
  39  3:58  Probe  
  39  4:00  Observer  
  41  4:03  Probe  
  42  4:10  Probe (Chrono Boost)  
  42  4:13  Pylon  
  42  4:15  Blink  
  42  4:16  Probe (Chrono Boost)  
  44  4:22  Probe (Chrono Boost)  
  45  4:25  Probe (Chrono Boost)  
  45  4:27  Probe (Chrono Boost)  
  47  4:38  Warp Prism  
  49  4:40  Probe x2  
  51  4:47  Pylon  
  51  4:49  Pylon  
  51  4:51  Extended Thermal Lance  
  51  4:52  Probe  
  52  4:53  Assimilator  
  52  4:56  Probe  
  53  5:04  Probe  
  54  5:08  Probe  
  54  5:09  Gateway  
  54  5:10  Gateway  
  54  5:13  Shield Battery  
  55  5:15  Shield Battery  
  55  5:24  Probe x2  
  57  5:36  Probe x2  
  57  5:40  Colossus  
  65  5:48  Probe x2  
  65  5:49  Pylon  
  67  5:50  Pylon  
  67  6:09  Gateway  
  67  6:16  Gateway  
  67  6:18  Gateway x2  
  67  6:25  Stalker x4  
  71  6:26  Stalker  
  71  6:29  Probe x2  
  79  6:33  Colossus  
  85  6:41  Probe x2  
  87  7:10  Stalker  
  87  7:11  Stalker x2  
  93  7:18  Charge  
  93  7:20  Pylon  
  93  7:21  Pylon  
  93  7:23  Pylon  
  93  7:24  Pylon  
  93  7:27  Pylon  
  93  7:37  Colossus  
  99  7:48  Stalker x2  
  99  7:49  Stalker x5  
  99  7:50  Stalker x2  
  117  8:05  Pylon  
  117  8:06  Pylon  
  117  8:16  Nexus  
  117  8:18  Pylon  
  117  8:20  Pylon  
  117  8:22  Pylon  
  117  8:23  Sentry x3  
  117  8:24  Sentry x5  
  133  8:36  Probe x2  
  135  8:48  Colossus  
  135  8:51  Zealot x5  
  135  8:52  Zealot  
  130  9:18  Zealot x5  
  130  9:19  Zealot x4  
  136  9:40  Stalker  
  136  9:41  Stalker x5  
  106  10:05  Stalker x2  
  106  10:06  Stalker x4  
  96  10:16  Sentry  
  96  10:17  Sentry x2  
  102  10:31  Probe  
  102  10:32  Probe  
  104  10:44  Probe x2  
  106  10:56  Probe x2  
  80  11:08  Zealot, Probe x2  
  80  11:09  Zealot x5  
  80  11:10  Zealot x3  
  86  11:12  Disruptor (Chrono Boost)  
  89  11:20  Probe x2  
  91  11:29  Stalker  
  91  11:30  Stalker x3  
  91  11:31  Sentry  
  91  11:32  Sentry  
  103  11:39  Disruptor (Chrono Boost)  
  75  12:12  Zealot x3  
  75  12:13  Zealot x5  
  75  12:14  Zealot  
  72  12:33  Stalker x2  
  72  12:34  Stalker x4  
  72  12:35  Sentry  
  72  12:36  Sentry x2  
Tags
 
Add a new tag
Caveats
  • Supply blocks, unpowered buildings, or Contaminate may cause inaccurate times.
  • Supply counts are checked every 10 seconds.